 Seeded DCSS version 0.30-a0-292-g0f741e3f8e (webtiles) character file.

Game seed: 2130031673933019394 (custom seed)

187661 Iusername the Peltast (level 17, -27/168 HPs)
             Began as a Minotaur Fighter on Oct 14, 2022.
             Was an Initiate of Gozag.
             Annihilated by a naga
             ... wielding a +0 long sword
              (31 damage)
             ... on level 3 of the Snake Pit on Oct 17, 2022.
             The game lasted 01:08:02 (41093 turns).

Iusername the Peltast (Minotaur Fighter)           Turns: 41093, Time: 01:08:03

Health: -27/168    AC: 36    Str: 34    XL:     17   Next: 45%
Magic:  0/16       EV: 10    Int:  5    God:    Gozag
Gold:   3635       SH:  0    Dex: 10    Spells: 16/16 levels left

rFire   . . .      SeeInvis .    N - +8 frozen axe "Frostbite" {freezing cloud, *Noise Fly rC+}
rCold   + . .      Faith    .    (shield currently unavailable)
rNeg    . . .      Spirit   +    v - +18 Lear's hauberk
rPois   .          Reflect  .    (helmet currently unavailable)
rElec   +          Harm     .    F - +2 cloak
rCorr   +          Rampage  .    (gloves currently unavailable)
Will    +....                    (boots currently unavailable)
Stlth   ..........               T - amulet of guardian spirit
HPRegen 0.48/turn                Y - ring "Zixidit" {rElec EV+4 Str+5}
MPRegen 0.15/turn                Z - ring "Getzooky" {rCorr Slay+6 Stlth+}

@: gold aura, flying, hasted, constricted, studying Throwing, very quick
A: horns 2, retaliatory headbutt
}: 1/15 runes: decaying
a: Renounce Religion, Potion Petition, Call Merchant, Bribe Branch


You were on level 3 of the Snake Pit.
You worshipped Gozag.
Gozag was most pleased with you.
You visited 6 branches of the dungeon, and saw 30 of its levels.
You also visited: Ice Cave.

You collected 10648 gold pieces.
You spent 3985 gold pieces at shops.
You paid 3028 gold pieces to Gozag.

Inventory:

Hand Weapons
 N - the +8 frozen axe "Frostbite" (weapon) {freezing cloud, *Noise Fly rC+}
   (You bought it in a shop on level 8 of the Dungeon)

   It freezes those it strikes, dealing additional cold damage.
   It can also slow down cold-blooded creatures.
   It occasionally leaves clouds of freezing vapour upon striking a foe.
   It grants immunity to clouds of freezing vapour.
   rC:        It protects you from cold.
   Fly:       It grants you flight.
   *Noise:    It may make noises in combat.
 S - the +7 long sword "Peomp" {venom, rF++}
   (You took it off a centaur warrior on level 14 of the Dungeon)

   It poisons the flesh of those it strikes.
   rF:        It greatly protects you from fire.
Missiles
 z - 6 boomerangs (quivered)
Armour
 v - the +18 Lear's hauberk (worn)
   (You acquired it on level 5 of the Dungeon)
 F - a +2 cloak (worn)
 K - a +7 crystal plate armour of cold resistance
Jewellery
 a - the ring of Paduocw {Fly rElec Dex+5}
   (You found it on level 9 of the Dungeon)

   [ring of flight]

   Dex:       It affects your dexterity (+5).
   rElec:     It insulates you from electricity.
   Fly:       It grants you flight.
 y - a ring of poison resistance
 O - an amulet of the acrobat
 T - an amulet of guardian spirit (around neck)
 V - an amulet of reflection
 Y - the ring "Zixidit" (left hand) {rElec EV+4 Str+5}
   (You acquired it on level 1 of the Swamp)

   [ring of evasion]

   EV:        It affects your evasion (+4).
   Str:       It affects your strength (+5).
   rElec:     It insulates you from electricity.
 Z - the ring "Getzooky" (right hand) {rCorr Slay+6 Stlth+}
   (You found it on level 4 of the Swamp)

   [ring of resist corrosion]

   Slay:      It affects your accuracy & damage with ranged weapons and melee
   (+6).
   rCorr:     It protects you from acid and corrosion.
   Stlth:     It makes you more stealthy.
Wands
 q - a wand of digging (13)
 A - a wand of flame (13)
 G - a wand of charming (13)
 H - a wand of light (20)
 I - a wand of mindburst (25)
 M - a wand of polymorph (6)
 P - a wand of iceblast (15)
Scrolls
 c - 3 scrolls of vulnerability
 h - a scroll of brand weapon
 j - 8 scrolls of poison
 k - a scroll of enchant weapon
 m - 2 scrolls of noise
 n - 8 scrolls of magic mapping
 o - 10 scrolls of teleportation
 p - 7 scrolls of fear
 r - a scroll of amnesia
 u - 3 scrolls of fog
 J - 5 scrolls of blinking
 U - 2 scrolls of silence
Potions
 b - 4 potions of mutation
 f - 5 potions of attraction
 i - 7 potions of ambrosia
 l - 6 potions of curing
 s - a potion of haste
 t - 6 potions of invisibility
 w - 3 potions of flight
 x - a potion of brilliance
 C - 4 potions of cancellation
 D - a potion of resistance
 E - 6 potions of lignification
 R - 2 potions of magic
Miscellaneous
 e - a piece from Xom's chessboard (15/15)
 g - a piece from Xom's chessboard (15/15)
 L - a phial of floods
 Q - a phantom mirror
 W - a box of beasts


   Skills:
 + Level 19.4 Fighting
 + Level 19.2 Axes
 + Level 19.4 Armour
 + Level 19.4 Shields


You had 16 spell levels left.
You didn't know any spells.
Your spell library contained the following spells:

 Spells                   Type           Power      Damage    Failure   Level
 Apportation              Tloc           0%         N/A       78%         1
 Freeze                   Ice            0%         1d3       78%         1
 Sandblast                Erth           0%         2d4       78%         1
 Shock                    Conj/Air       0%         1d3       78%         1
 Sting                    Tmut/Pois      0%         1d3       78%         1
 Passwall                 Tmut/Erth      0%         N/A       89%         2
 Poisonous Vapours        Pois/Air       0%         N/A       89%         2
 Scorch                   Fire           0%         2d5       89%         2
 Frozen Ramparts          Ice            0%         1d1       98%         3
 Gell's Gravitas          Tloc           0%         N/A       98%         3
 Hailstorm                Conj/Ice       0%         3d3       98%         3
 Ignite Poison            Fire/Tmut/Pois 0%         N/A       98%         3
 Inner Flame              Hex/Fire       0%         N/A       98%         3
 Kindle Blastsparks       Fire/Tloc/Air  0%         2d10      98%         3
 Mephitic Cloud           Conj/Pois/Air  0%         N/A       98%         3
 Portal Projectile        Hex/Tloc       0%         N/A       98%         3
 Stone Arrow              Conj/Erth      0%         3d7       98%         3
 Swiftness                Air            0%         N/A       98%         3
 Teleport Other           Tloc           0%         N/A       98%         3
 Tukima's Dance           Hex            0%         N/A       98%         3
 Airstrike                Air            0%         2d(0-16)  100%        4
 Cause Fear               Hex            0%         N/A       100%        4
 Flame Wave               Conj/Fire      0%         2d4       100%        4
 Fulminant Prism          Conj/Hex       0%         3d6       100%        4
 Iskenderun's Mystic Bla  Conj/Tloc      0%         2d3       100%        4
 Passage of Golubria      Tloc           0%         N/A       100%        4
 Petrify                  Tmut/Erth      0%         N/A       100%        4
 Sticky Flame             Conj/Fire      0%         2d3       100%        4
 Alistair's Intoxication  Tmut/Pois      0%         N/A       100%        5
 Blade Hands              Tmut           0%         N/A       100%        5
 Freezing Cloud           Conj/Ice/Air   0%         6-21      100%        5
 Irradiate                Conj/Tmut      0%         3d11      100%        5
 Lee's Rapid Deconstruct  Erth           0%         3d4*      100%        5
 Metabolic Englaciation   Hex/Ice        0%         N/A       100%        5
 Summon Forest            Summ/Tloc      0%         N/A       100%        5
 Yara's Violent Unravell  Hex/Tmut       0%         3d3       100%        5
 Dispersal                Tloc           0%         N/A       100%        6
 Statue Form              Tmut/Erth      0%         N/A       100%        6
 Summon Cactus Giant      Summ           0%         N/A       100%        6
 Dragon Form              Tmut           0%         N/A       100%        7
 Storm Form               Tmut/Air       0%         N/A       100%        7
 Discord                  Hex            0%         N/A       100%        8
 Ignition                 Fire           0%         3d3       100%        8
 Polar Vortex             Ice            0%         N/A       100%        9
 Shatter                  Erth           0%         3d5*      100%        9
 Simulacrum               Ice/Necr       Unusable   N/A       N/A         6

Dungeon Overview and Level Annotations

Branches:
Dungeon (15/15)            Temple (1/1) D:4            Lair (5/5) D:11
  Swamp (4/4) Lair:3        Snake (3/4) Lair:2        Slime (0/5) Lair:5
    Orc (2/2) D:12            Elf (0/3) Orc:2        Vaults (0/5) D:14
 Depths (0/4) D:15          IceCv (visited)

Altars:
Ashenzari
Cheibriados
Dithmenos
Elyvilon
Fedhas
Gozag
Hepliaklqana
Nemelex Xobeh
Okawaru
Qazlal
Sif Muna
Trog
Uskayaw
Wu Jian
Xom
Yredelemnul
Zin
Jiyva
Lugonu

Shops:
D:2 :   D:5 *   D:6 (   D:8 (   D:9 ?   D:15 *   Orc:2 =*:[(

Portals:
Abyss: Lair:1

Annotations:
Lair:4 1 transporter
Swamp:1 Roxanne


Innate Abilities, Weirdness & Mutations

You have a pair of horns on your head.
You reflexively headbutt those who attack you in melee.


Message History

The bolt of poison misses you.
The bolt of poison hits the naga ritualist.
The naga ritualist is poisoned.
The naga mage constricts you.
Unknown command. [a] - 140 gold - heal wounds [b] - 616 gold - haste, resistance and invisibility [c] - 420 gold - haste and heal wounds Purchase which effect?
You feel yourself speed up.
You feel much better.
You feel very sick. The naga warrior spits poison at you.
The splash of poison hits you but does no damage.
You are more poisoned.
The naga mage gestures at the naga warrior while chanting.
The naga warrior seems to grow toxic.
The salamander hits you but does no damage.
The naga closely misses you. The guardian serpent barely misses you.
The naga ritualist hits you with a +0 halberd.
* * * LOW HITPOINT WARNING * * *
The naga mage hits you with a +0 whip of flaming!
* * * LOW HITPOINT WARNING * * *
The naga mage burns you.
* * * LOW HITPOINT WARNING * * *
The naga mage constricts you.
* * * LOW HITPOINT WARNING * * *
The naga barely misses you.
The naga warrior hits you with a +0 battleaxe!!
* * * LOW HITPOINT WARNING * * *
You feel better. The guardian serpent hits you!
* * * LOW HITPOINT WARNING * * *
The naga mage hits you but does no damage.
The salamander hits you but does no damage.
The naga warrior unwields a +0 arbalest.
The naga warrior wields a +0 scimitar.
The naga warrior hits you but does no damage.
The naga mage hits you but does no damage.
The naga mage constricts you.
The naga hits you with a +0 long sword!!
You die...
Your body crumbles into a pile of gold.

..N........#.#
.............
.........#.( ...........
......#... ###
.........## ..#
...)...#..##..#
......NNNN..#
......N@N...#
......SNN...####
...............###
..............##.#
.................###
...................# ##
...................###.#
......................#.
.....................##.


You could see 2 naga warriors, a salamander (strong), a naga ritualist (strong,
poisoned), a guardian serpent, 2 naga magi and 2 nagas.

Vanquished Creatures
  Saint Roka (Orc:2)
  A thorn hunter (Swamp:4)
  Donald (Snake:1)
  A fenstrider witch (Swamp:1)
  Aizul (Snake:1)
  A frost giant (IceCv)
  A stone giant (D:15)
  4 eleionomae
  The ghost of HilariousDeathArtist the Basher, a journeyman VSWn of Elyvilon (D:12)
  A dire elephant (D:15)
  6 bunyips
  An ettin (D:15)
  Josephine (D:11)
  A fire dragon (Lair:5)
  A salamander tyrant (Snake:2)
  An ogre mage (D:15)
  29 hydras
  5 centaur warriors
  2 ghost crabs (Swamp:4)
  2 catoblepae
  A boulder beetle (D:13)
  9 two-headed ogres
  7 alligators
  2 tengu warriors
  4 naga warriors
  8 death yaks
  Urug (Orc:2)
  5 shock serpents
  8 spriggans
  An orc high priest (Orc:2)
  5 naga sharpshooters
  A fire crab (Lair:5)
  Amaemon (Lair:2)
  A salamander mystic (Snake:2)
  10 skeletal warriors
  6 goliath frogs
  12 swamp dragons
  Lodul (D:12)
  2 spriggan druids (Swamp:4)
  2 bog bodies
  A naga ritualist (Snake:2)
  4 wizards
  4 lindwurms
  Pikel (D:7)
  3 deep elf pyromancers
  A lindwurm (shapeshifter) (D:15)
  A mana viper (Snake:2)
  A harpy (shapeshifter) (D:14)
  4 ugly things
  5 orc knights
  2 orc sorcerers (Orc:2)
  A wolf spider (D:15)
  5 salamanders
  28 elephants
  3 guardian serpents
  4 will-o-the-wisps
  4 cyclopes
  Maurice (D:10)
  4 manticores
  17 black mambas
  3 molten gargoyles (Lair:5)
  2 gargoyles
  An ice statue (IceCv)
  A naga mage (Snake:2)
  3 kobold demonologists
  7 cane toads
  An orange demon (Lair:2)
  An unseen horror (D:10)
  A rime drake (shapeshifter) (D:14)
  A komodo dragon (shapeshifter) (D:14)
  5 rime drakes
  5 tengu conjurers
  2 freezing wraiths (D:14)
  12 komodo dragons
  A queen bee (D:12)
  A bloated husk (Swamp:2)
  2 meliai (D:12)
  12 polar bears
  A troll (shapeshifter) (D:14)
  6 tyrant leeches
  10 hornets
  13 slime creatures
  7 trolls
  A tarantella (shapeshifter) (D:14)
  7 blink frogs
  A centaur simulacrum (D:14)
  7 wyverns
  4 vampires
  6 basilisks
  8 wraiths
  48 yaks
  A human (shapeshifter) (D:14)
  2 steam dragons
  14 vampire mosquitoes
  22 swamp worms
  2 wargs (Orc:2)
  Menkaure (D:7)
  Duvessa (D:7)
  2 acid dragons (D:13)
  15 nagas
  10 water moccasins
  12 swamp drakes
  3 hell hounds (Lair:5)
  24 orc warriors
  3 black bears
  11 ogres
  7 centaurs
  26 wolves
  2 lemures (D:7)
  A phantom (D:4)
  A kobold brigand (D:9)
  10 bullfrogs
  A necrophage (D:7)
  A scorpion (D:5)
  11 wights
  Dowan (D:7)
  6 killer bees (D:12)
  A howler monkey (D:14)
  5 lava snakes (Lair:5)
  A jelly (D:6)
  15 orc priests
  3 hounds
  Crazy Yiuf (D:7)
  15 iguanas
  24 orc wizards
  4 gnolls
  6 adders
  5 shadow imps
  12 white imps (D:12)
  3 dart slugs
  60 orcs
  8 ball pythons
  11 bats
  10 endoplasms
  4 giant cockroaches
  8 goblins
  7 hobgoblins
  6 jackals
  2 quokkas (D:5)
  25 frilled lizards
  13 kobolds
  6 rats
  7 briar patches
  A fire vortex (D:15)
876 creatures vanquished.

Vanquished Creatures (others)
  A goliath frog (Swamp:4)
  A spriggan (Swamp:4)
  A naga (Snake:3)
  An orc priest (Orc:2)
  2 briar patches (Lair:4)
  10 foxfires
  14 fungi
  2 lurking horrors (Lair:1)
  24 plants
56 creatures vanquished.

Grand Total: 932 creatures vanquished

Notes
Turn   | Place    | Note
-------+----------+-------------------------------------------
     0 | D:1      | Iusername the Minotaur Fighter began the quest for the Orb.
     0 | D:1      | Reached XP level 1. HP: 19/19 MP: 0/0
   103 | D:1      | Reached XP level 2. HP: 24/27 MP: 1/1
   706 | D:2      | Reached XP level 3. HP: 29/33 MP: 2/2
  1103 | D:2      | Found Ifucsyno's Vocational Training.
  2013 | D:3      | Reached XP level 4. HP: 39/41 MP: 3/3
  2511 | D:4      | Noticed a phantom
  2519 | D:4      | Reached XP level 5. HP: 25/47 MP: 4/4
  2519 | D:4      | Killed a phantom
  2524 | D:4      | Reached skill level 5 in Fighting
  2524 | D:4      | Reached skill level 5 in Armour
  2524 | D:4      | Reached skill level 5 in Shields
  2911 | D:4      | HP: 2/48 [orc priest/divine providence (14)]
  2919 | D:4      | Reached XP level 6. HP: 9/56 MP: 5/5
  3279 | D:4      | Upgraded the game from 0.30-a0-269-gf0224bf7b6 to
                  | 0.30-a0-292-g0f741e3f8e
  3656 | D:4      | Found a staircase to the Ecumenical Temple.
  4111 | D:5      | Entered Level 5 of the Dungeon
  4425 | D:5      | Reached skill level 5 in Axes
  4492 | D:5      | Reached XP level 7. HP: 59/62 MP: 6/6
  4787 | D:5      | Found Cogguupty's Lightly-Used Armoury.
  4796 | D:5      | Bought a -2 executioner's axe for 1 gold piece
  4798 | D:5      | Identified a scroll of acquirement
  4798 | D:5      | Acquired the +18 Lear's hauberk
  4798 | D:5      | Found the +18 Lear's hauberk
  5232 | D:5      | Found a hazy altar of Hepliaklqana.
  5290 | D:6      | Found a shimmering altar of Xom.
  5423 | D:6      | Noticed a steam dragon
  5446 | D:6      | Killed a steam dragon
  5447 | D:6      | Reached XP level 8. HP: 68/71 MP: 7/7
  5821 | D:6      | Found Cimnywke's Weapon Shoppe.
  5970 | D:7      | Noticed Pikel
  5985 | D:7      | Killed Pikel
  6387 | D:7      | Found a runed translucent door.
  6481 | D:7      | Noticed Menkaure
  6482 | D:7      | Noticed Dowan
  6482 | D:7      | Noticed Duvessa
  6489 | D:7      | Killed Menkaure
  6490 | D:7      | Reached XP level 9. HP: 55/81 MP: 8/8
  6490 | D:7      | Killed Dowan
  6491 | D:7      | Killed Duvessa
  7057 | D:7      | Noticed Crazy Yiuf
  7063 | D:7      | Killed Crazy Yiuf
  7267 | D:8      | Found Gawkin's Weapon Shop.
  7721 | D:9      | Found Idinothe's Magic Scroll Boutique.
  7813 | D:9      | Reached XP level 10. HP: 65/91 MP: 9/9
  8312 | Temple   | Entered the Ecumenical Temple
  8522 | Temple   | Became a worshipper of Gozag Ym Sagoz the Greedy
  8669 | D:9      | Noticed a sixfirhy
  8678 | D:9      | Noticed an orange demon
  8687 | D:9      | Reached skill level 10 in Fighting
  8695 | D:9      | Reached skill level 10 in Armour
  8695 | D:9      | Reached skill level 10 in Shields
  9252 | D:9      | Reached skill level 10 in Axes
  9276 | D:9      | Identified the ring of Paduocw {Fly rElec Dex+5}
  9337 | D:9      | Noticed a two-headed ogre
  9340 | D:9      | Killed a two-headed ogre
  9589 | D:9      | Noticed a two-headed ogre
  9592 | D:9      | Killed a two-headed ogre
  9798 | D:10     | Entered Level 10 of the Dungeon
  9925 | D:10     | Noticed Maurice
  9935 | D:10     | Reached XP level 11. HP: 83/101 MP: 10/10
  9966 | D:10     | Killed Maurice
 10804 | D:11     | Found a staircase to the Lair.
 11424 | D:11     | Noticed Josephine
 11436 | D:11     | Killed Josephine
 11739 | D:8      | Bought the +8 frozen axe "Frostbite" {freezing cloud,
                  | *Noise Fly rC+} for 847 gold pieces
 11739 | D:8      | Found the +8 frozen axe "Frostbite" {freezing cloud, *Noise
                  | Fly rC+}
 11811 | Lair:1   | Entered Level 1 of the Lair of Beasts
 12016 | Lair:1   | Found a one-way gate to the infinite horrors of the Abyss.
 12024 | Lair:1   | Found a corrupted altar of Lugonu.
 12827 | Lair:1   | Reached XP level 12. HP: 92/113 MP: 11/11
 13236 | Lair:2   | Noticed a four-headed hydra
 13243 | Lair:2   | Killed an eight-headed hydra
 13568 | Lair:2   | Noticed Amaemon
 13574 | Lair:2   | Killed Amaemon
 13831 | Lair:2   | Found a staircase to the Snake Pit.
 14479 | Lair:3   | Found a staircase to the Swamp.
 14529 | Lair:3   | Identified the +1 rapier "Hulk" {speed, rF+ Will+ rCorr}
 14983 | Lair:4   | Noticed a catoblepas
 14998 | Lair:4   | Killed a catoblepas
 15333 | Lair:4   | Identified the +1 ring mail of Nemelex Xobeh's Whim {Str+8
                  | Int-2}
 15555 | Lair:4   | Found a transporter.
 15637 | Lair:4   | Found an ornate altar of the Wu Jian Council.
 15641 | Lair:4   | Found a transporter.
 15688 | Lair:4   | Noticed a six-headed hydra
 15693 | Lair:4   | Killed a ten-headed hydra
 15694 | Lair:4   | Reached XP level 13. HP: 92/123 MP: 12/12
 16672 | Lair:5   | Entered Level 5 of the Lair of Beasts
 17041 | Lair:5   | Found a viscous altar of Jiyva.
 17041 | Lair:5   | Found a staircase to the Slime Pits.
 17626 | Lair:5   | Found a large runed translucent door.
 17626 | Lair:5   | Found a large runed translucent door.
 17645 | Lair:5   | Noticed a fire dragon
 17709 | Lair:5   | Reached skill level 15 in Shields
 18128 | Lair:5   | Reached skill level 15 in Fighting
 18239 | Lair:5   | Reached skill level 15 in Armour
 18336 | Lair:5   | Reached XP level 14. HP: 127/135 MP: 13/13
 19026 | D:12     | Noticed Lodul
 19061 | D:12     | Killed Lodul
 19062 | D:12     | Reached skill level 15 in Axes
 19317 | D:12     | Found a frozen archway.
 19388 | IceCv    | Entered an ice cave
 19541 | IceCv    | Got the Directory of Metamorphosis
 20039 | IceCv    | Noticed a frost giant
 20045 | IceCv    | Killed a frost giant
 20426 | D:9      | Bought a scroll of enchant armour for 90 gold pieces
 20490 | D:12     | Found a transporter.
 21008 | D:12     | Found a transporter.
 21049 | D:12     | Noticed HilariousDeathArtist's ghost (journeyman VSWn)
 21484 | D:12     | Found a staircase to the Orcish Mines.
 21783 | D:12     | Killed HilariousDeathArtist's ghost
 23821 | D:14     | Found a gate to the Vaults.
 23857 | D:14     | Reached XP level 15. HP: 145/145 MP: 14/14
 24631 | D:14     | Identified the +7 long sword "Peomp" {venom, rF++}
 25259 | D:15     | Entered Level 15 of the Dungeon
 25712 | D:15     | Found a hide-covered altar of Uskayaw.
 25723 | D:15     | Identified the +1 pair of gloves "Igosaxt" {Str+2}
 26015 | D:15     | Found a runed translucent door.
 26192 | D:15     | Got the Compendium of the Displaced Caves
 26384 | D:15     | Found a staircase to the Depths.
 26599 | D:15     | Got the Vellum of Virulent Shaping
 26937 | D:15     | Bought a glowing hat for 189 gold pieces
 26937 | D:15     | Bought a box of beasts for 1080 gold pieces
 26937 | D:15     | Bought a scroll of teleportation for 81 gold pieces
 27064 | Orc:1    | Entered Level 1 of the Orcish Mines
 27304 | Orc:2    | Entered Level 2 of the Orcish Mines
 27310 | Orc:2    | Noticed Urug
 27757 | Orc:2    | Found a staircase to the Elven Halls.
 27981 | Orc:2    | Noticed Saint Roka
 27997 | Orc:2    | Killed Saint Roka
 28018 | Orc:2    | Killed Urug
 28352 | Orc:2    | Found Pero's Antique Weapon Emporium.
 28682 | Orc:2    | Found Eshekhue's Jewellery Emporium.
 28741 | Orc:2    | Found Lenom's Self-Improvement Boutique.
 28749 | Orc:2    | Bought a manual of Throwing for 800 gold pieces
 28806 | Orc:2    | Found Ezourphe's Antique Armour Emporium.
 28851 | Orc:2    | Found Isym's General Store.
 28857 | Orc:2    | Bought a wand of mindburst (7) for 147 gold pieces
 28857 | Orc:2    | Bought a phial of floods for 600 gold pieces
 28857 | Orc:2    | Bought 2 potions of heal wounds for 150 gold pieces
 29076 | Swamp:1  | Entered Level 1 of the Swamp
 29078 | Swamp:1  | Reached XP level 16. HP: 157/157 MP: 15/15
 29623 | Swamp:1  | Identified Roxanne's Precepts of the Ground
 29623 | Swamp:1  | Noticed Roxanne
 29715 | Swamp:1  | Paralysed by a fenstrider witch for 4 turns
 30394 | Swamp:2  | Found a white marble altar of Elyvilon.
 31061 | Swamp:1  | Acquired the ring "Zixidit" {rElec EV+4 Str+5}
 32549 | Swamp:4  | Entered Level 4 of the Swamp
 32571 | Swamp:4  | Identified the ring "Getzooky" {rCorr Slay+6 Stlth+}
 34022 | Swamp:4  | Noticed a thorn hunter
 34031 | Swamp:4  | Killed a thorn hunter
 34348 | Swamp:4  | Reached XP level 17. HP: 44/166 MP: 9/16
 34947 | Swamp:4  | Got a decaying rune of Zot
 35209 | Snake:1  | Entered Level 1 of the Snake Pit
 35515 | Snake:1  | Noticed Donald
 35526 | Snake:1  | Killed Donald
 35911 | Snake:1  | Noticed Aizul
 35919 | Snake:1  | Killed Aizul
 38905 | Snake:3  | Found a shadowy altar of Dithmenos.
 41092 | Snake:3  | HP: 5/168 [naga warrior/+0 battleaxe (20)]
 41093 | Snake:3  | Annihilated by a naga

Illustrated notes

Levels and vault maps discovered:
D:1:      spicycebolla_arrival_ecumenical, layout_loops_ring
D:2:      layout_basic, serial_co_window_serial, co_window_of_opportunity_a,
          co_window_cross_1, co_window_corner_a, co_window_paths_b,
          co_window_corner_a, co_window_2corner, co_window_unsneaky_path_d,
          co_window_corner_b, co_window_unsneaky_path_d, co_window_4corner_a,
          co_window_sun, glass_columns_c, glass_columns_a, glass_columns_c,
          glass_columns_b, glass_columns_a, nicolae_shop_vocational
D:3:      layout_basic, minmay_close_crescents
D:4:      layout_layer_cave, minmay_temple_entry_nine_rooms
D:5:      layout_loops_cross, lemuel_coloured_pillars_altar, minmay_shop_damaged
D:6:      layout_rooms, xom_butterflies, serial_shops,
          nicolae_shop_bloodbath_and_beyond
D:7:      layout_loops_cross, st_stairs_2, hangedman_abyss_or_decor_passed,
          uniq_menkaure, uniq_duvessa, uniq_crazy_yiuf_cottage, uniq_pikel
D:8:      layout_rooms, serial_shops, shop
D:9:      kennysheep_spiral_hall, layout_gridville, serial_shops,
          nicolae_stop_n_shop_2, serial_bayou_crossing
D:10:     layout_big_octagon, uniq_maurice
D:11:     layout_long_grid, david_lair_generic, uniq_josephine
D:12:     layout_gridville, david_orc_2, gammafunk_ghost_hive,
          portal_ice_cave_entry_imps, uniq_lodul
D:13:     layout_loops_ring, pond
D:14:     kennysheep_windowed_halls, layout_stronghold, david_vaults_1,
          serial_park_tiny_1, serial_column_ruins,
          column_ruins_columns_dead_end, column_ruins_open_small,
          column_ruins_columns_corner, column_ruins_grid_1, column_ruins_grid_1,
          column_ruins_columns_straight, st_stairs_4, chequers_jeans
D:15:     hangedman_depths_entry_try_elsewhere_first, layout_small_grid,
          nicolae_uskayaw_suspiria, minmay_misc_feat_enclosed,
          small_statue_intersection, kennysheep_treasure_room
Temple:   mainiacjoe_temple_cubbyholes
Lair:1:   lemuel_reptile_caves, layout_chaotic_city,
          amcnicky_altar_lugonu_corruption, lemuel_fruit_tree
Lair:2:   layout_misc_corridors, guppyfry_snake_entry_island,
          grunt_forest_stairs_basic, serial_bayou_ford_a, uniq_amaemon
Lair:3:   layout_misc_corridors, minmay_swamp_entry_reptiles,
          serial_bayou_shore_b, infiniplex_staircase_pool_2
Lair:4:   gammafunk_worm_tunnel, layout_loops_ring, basic_altar,
          beast_lair_carwin_8, serial_bayou_shore_b
Lair:5:   cheibrodos_lair_end_hotspot, layout_long_grid, slime_entry_1,
          chequers_serial_rivers_micro_b
Swamp:1:  layout_basic_swamp, nicolae_swamp_little_tower, uniq_roxanne
Swamp:2:  layout_basic_swamp, basic_altar
Swamp:3:  layout_basic_swamp, evilmike_swamp_ruin_wall, swamp_pool1
Swamp:4:  swamp_alternative, layout_basic_swamp, swamp_pool4
Snake:1:  layout_chambers, uniq_donald, uniq_aizul
Snake:2:  layout_cave_town
Snake:3:  layout_cave_shapes, basic_altar, nrook_guardian_serpent_ordinary
Orc:1:    layout_caves, basic_altar
Orc:2:    grunt_orc_cross, layout_caves, special_room, nicolae_shop_self_help

Skill      XL: |  1  2  3  4  5  6  7  8  9 10 11 12 13 14 15 16 17 |
---------------+----------------------------------------------------+-----
Shields        | 4 5 6 8 9 10 12 13 15 16 17 18 19 | 19.4
Fighting       | 4 5 6 8 9 10 12 13 15 16 17 18 19 | 19.4
Axes           | 3 4 5 6 7 9 10 12 13 14 16 17 18 19 | 19.2
Armour         | 4 5 6 7 9 10 12 13 15 16 17 18 19 | 19.4

Action                   |  1- 3 |  4- 6 |  7- 9 | 10-12 | 13-15 | 16-18 || total
-------------------------+-------+-------+-------+-------+-------+-------++-------
Melee: War axe           |   107 |   126 |    23 |       |       |       ||   256
       Headbutt          |    14 |    16 |    17 |    58 |   131 |   103 ||   339
       Executioner's axe |       |       |   131 |   360 |   634 |   397 ||  1522
Throw: Boomerang         |       |       |       |       |       |     5 ||     5
Invok: Call Merchant     |       |       |       |       |     1 |       ||     1
       Potion Petition   |       |       |       |       |       |     5 ||     5
Evoke: Wand              |       |       |       |       |    17 |       ||    17
  Use: Potion            |       |     3 |       |     2 |    16 |    14 ||    35
       Scroll            |       |    10 |    12 |     6 |    10 |     5 ||    43
 Stab: Distracted        |       |       |       |     5 |    14 |     2 ||    21
       Confused          |       |       |       |     1 |       |     1 ||     2
Armor: Scale mail        |    61 |    76 |    11 |       |       |       ||   148
       Chain mail        |       |       |   170 |   413 |   593 |   688 ||  1864
Dodge: Dodged            |    50 |    64 |   112 |   202 |   321 |   463 ||  1212
Block: Buckler           |    19 |    33 |    16 |       |       |       ||    68

Table legend: (Time is in decaauts)
 A = Elapsed time spent in this place.
 B = Non-inter-level travel time spent in this place.
 C = Inter-level travel time spent in this place.
 D = Time resting spent in this place.
 E = Time spent auto-exploring this place.
 F = Levels seen in this place.
 G = Mean time per level.
                   A        B        C        D        E       F      G
               +--------+--------+--------+--------+--------+-----+--------+
         Total |  41531 |  39625 |   1906 |  13655 |  20156 |  31 | 1339.7 |
       Dungeon |  19119 |  17871 |   1248 |   4018 |  11148 |  15 | 1274.6 |
        Temple |    228 |    211 |     17 |      0 |    197 |   1 |  228.0 |
          Lair |   7573 |   7176 |    397 |   1994 |   4222 |   5 | 1514.6 |
         Swamp |   6081 |   5912 |    169 |   3078 |   1780 |   4 | 1520.2 |
     Snake Pit |   5761 |   5702 |     59 |   3493 |   1657 |   3 | 1920.3 |
  Orcish Mines |   1854 |   1840 |     14 |    901 |    604 |   2 |  927.0 |
      Ice Cave |    911 |    911 |      0 |    170 |    548 |   1 |  911.0 |
               +--------+--------+--------+--------+--------+-----+--------+

Top non-repeatable levels by time:
 Snake:2: 3501 daAuts
  Lair:5: 2282 daAuts
    D:12: 2183 daAuts
 Snake:1: 2019 daAuts
    D:14: 1966 daAuts
 Swamp:1: 1946 daAuts
 Swamp:3: 1935 daAuts
     D:9: 1789 daAuts
  Lair:4: 1715 daAuts
     D:4: 1680 daAuts
   Orc:2: 1610 daAuts
    D:13: 1489 daAuts
  Lair:1: 1489 daAuts
    D:15: 1373 daAuts
 Swamp:4: 1269 daAuts
